 Dungeon Crawl Stone Soup version 0.27.1-2-g3b301248ec (webtiles) character file.

Game seed: 2700555000592285087

5766 Descartes the Covert (level 10, -7/46 HPs)
             Began as a Spriggan Warper on Oct 2, 2021.
             Was an Initiate of Gozag.
             Shot with an arrow by a centaur warrior (17 damage)
             ... on level 9 of the Dungeon.
             The game lasted 00:29:46 (11815 turns).

Descartes the Covert (Spriggan Warper)             Turns: 11815, Time: 00:29:46

Health: -7/46      AC:  6    Str: 16    XL:     10   Next: 49%
Magic:  18/18      EV: 24    Int: 15    God:    Gozag
Gold:   575        SH:  0    Dex: 21    Spells: 8/19 levels left

rFire    + . .     SeeInvis +   j - +6 quick blade (elec)
rCold    . . .     Faith    .   (shield restricted)
rNeg     . . .     Spirit   .   v - +2 robe {Will+}
rPois    .         Reflect  .   (helmet restricted)
rElec    .         Harm     .   h - +1 cloak
rCorr    +         Rampage  .   (gloves unavailable)
Will     ++...                  (boots unavailable)
Stlth    ++++++....             (no amulet)
HPRegen  0.15/turn              i - +6 ring of dexterity
MPRegen  0.16/turn              s - ring "Ropyanyu" {rF+ rCorr Str+6 Stlth+}

@: studying Axes, very quick
A: very small, no large weapons, unfitting armour, see invisible, speed 3
a: Renounce Religion, Potion Petition, Call Merchant, Bribe Branch


You were on level 9 of the Dungeon.
You worshipped Gozag.
Gozag was pleased with you.
You visited 2 branches of the dungeon, and saw 10 of its levels.
You also visited: Sewer.

You collected 713 gold pieces.
You paid 138 gold pieces to Gozag.

Inventory:

Hand Weapons
 b - a +0 hunting sling
 g - a +0 short sword of holy wrath
 j - a +6 quick blade of electrocution (weapon)
 E - a +0 shortbow
Missiles
 d - 5 boomerangs of dispersal (quivered)
 f - 283 stones
 k - 73 bolts
 p - 71 sling bullets
 C - 43 arrows
 M - 4 atropa-tipped darts
Armour
 a - a +1 robe of cold resistance
 h - a +1 cloak (worn)
 v - a +2 robe of willpower (worn)
 D - a +0 buckler
Jewellery
 i - a +6 ring of dexterity (left hand)
 l - a +6 ring of dexterity
 s - the ring "Ropyanyu" (right hand) {rF+ rCorr Str+6 Stlth+}
   (You acquired it on level 6 of the Dungeon)

   [ring of strength]

   Str:       It affects your strength (+6).
   rF:        It protects you from fire.
   rCorr:     It protects you from acid and corrosion.
   Stlth:     It makes you more stealthy.
 G - a ring of magical power
 H - a ring of ice
Wands
 z - a wand of paralysis (12)
 B - a wand of polymorph (4)
Scrolls
 c - 2 scrolls of blinking
 o - 4 scrolls of teleportation
 r - 3 scrolls of fog
 t - a scroll of fear
 y - a scroll of enchant armour
 F - 2 scrolls of identify
 J - a scroll of enchant weapon {unknown}
 K - a scroll of noise {unknown}
Potions
 e - 4 potions of heal wounds
 m - a potion of magic {unknown}
 n - a potion of lignification {unknown}
 q - 2 potions of brilliance {unknown}
 u - a potion of resistance {unknown}
 w - 2 potions of invisibility
 x - a potion of haste {unknown}
 A - 4 potions of curing
 I - a potion of flight {unknown}
 L - a potion of might {unknown}


   Skills:
 - Level 1.5 Fighting
 + Level 7.3 Short Blades
 - Level 5.3(5.4) Slings
 - Level 5.0 Bows
 - Level 1.0(2.9) Throwing
 + Level 8.9 Dodging
 + Level 9.7 Stealth
 + Level 3.4 Shields
 - Level 5.0 Spellcasting
 * Level 7.9 Hexes
 - Level 5.0 Translocations
 + Level 2.8 Evocations


You had 8 spell levels left.
You knew the following spells:

 Your Spells              Type           Power      Damage    Failure   Level
a - Blink                 Tloc           N/A        N/A       3%          2
b - Gell's Gravitas       Tloc           9%         N/A       6%          3
c - Invisibility          Hex            13%        N/A       67%         6

Your spell library contained the following spells:

 Spells                   Type           Power      Damage    Failure   Level
 Lesser Beckoning         Tloc           9%         N/A       6%          3
 Teleport Other           Tloc           18%        N/A       6%          3
 Animate Skeleton         Necr           6%         N/A       16%         1
 Pain                     Necr           12%        1d4       16%         1
 Passwall                 Tmut/Erth      2%         N/A       24%         2
 Ozocubu's Armour         Ice            3%         N/A       43%         3
 Swiftness                Air            3%         N/A       43%         3
 Vampiric Draining        Necr           1%         2d6       43%         3
 Manifold Assault         Tloc           18%        N/A       50%         5
 Metabolic Englaciation   Hex/Ice        7%         N/A       65%         5
 Simulacrum               Ice/Necr       1%         N/A       100%        6


Dungeon Overview and Level Annotations

Branches:
Dungeon (9/15)             Temple (1/1) D:6           Sewer (visited)
   Lair: D:8-11         Orc: D:9-12

Altars:
Ashenzari
Cheibriados
Dithmenos
Elyvilon
Fedhas
Gozag
Hepliaklqana
Kikubaaqudgha
Makhleb
Okawaru
Qazlal
Ru
Sif Muna
Trog
Uskayaw
Vehumet
Wu Jian
Xom
Yredelemnul
Zin
The Shining One

Shops:
D:6 [

Annotations:
D:6 3 runed translucent doors, Descartes's ghost, novice SpWr


Innate Abilities, Weirdness & Mutations

You are very small and have problems with some larger weapons.
You are too small for most types of armour.
You have supernaturally acute eyesight. (SInv)
You cover ground extremely quickly. (Speed+++)


Message History

The centaur warrior is lightly wounded.
The centaur warrior closely misses you.
The centaur warrior kicks you but does no damage.
An acid dragon comes into view.
You barely miss the centaur warrior.
The centaur warrior is lightly wounded.
You hit the centaur warrior.
Lightning courses through the centaur warrior!
The centaur warrior is moderately wounded.
The centaur warrior hits you! The centaur warrior misses you.
The wizard gestures wildly while chanting.
The wizard flickers and vanishes for a moment.
Unknown command.
You hit the centaur warrior.
The centaur warrior is heavily wounded.
The acid dragon spits acid at you.
The splash of acid hits the wizard!
The wizard is splashed with acid.
The acid corrodes the wizard!
You hit the centaur warrior.
Lightning courses through the centaur warrior!
The centaur warrior is severely wounded.
The centaur warrior hits you. The centaur warrior kicks you.
You hit the centaur warrior.
The centaur warrior is severely wounded.
The wizard mumbles some strange words.
The wizard blinks!
You barely miss the centaur warrior.
The centaur warrior is severely wounded.
The red ugly thing is no longer distracted by gold.
The centaur warrior hits you. The centaur warrior kicks you.
You closely miss the centaur warrior.
The centaur warrior is severely wounded.
The centaur warrior hits you!
* * * LOW HITPOINT WARNING * * *
The centaur warrior kicks you but does no damage.
The centaur warrior wields a +0 shortbow of freezing.
It is covered in frost.
The centaur warrior shoots an arrow.
The arrow hits you!
You die...
Your body crumbles into a pile of gold.

#. #.### #### #...###..##
.. #....#....## ...
#....#.....###.# #....c..#
..... ###########....#..#
....
#..............#.u##..# .
#.#.......@...##..c#/##....
#.#.....#.#.###....)p§..D.#
...
#.#.....#.#.##....##!#...##
#.##+#)........#.#...### .#
.# #.#...##########.#... ..
#.#...# ..##.. ..# #>+.#.#
..#### ... #.#...# ..# #...
##'#...# .#.# #..


You could see a centaur warrior.

Vanquished Creatures
  A centaur warrior (D:9)
  A two-headed ogre (D:6)
  2 centaur zombies (D:8)
  A troll (D:7)
  Grinder (D:6)
  Sigmund (D:6)
  3 wyverns
  Menkaure (D:6)
  An acid dragon (D:8)
  2 water moccasins
  A black bear (D:6)
  Duvessa (D:6)
  2 orc warriors
  An ice beast (D:5)
  2 sky beasts
  An ogre (D:5)
  2 centaurs
  Blork the orc (D:6)
  5 bullfrogs
  A wyvern zombie (D:7)
  A gnoll sergeant (D:5)
  3 scorpions
  Dowan (D:6)
  A water moccasin skeleton (D:6)
  An electric eel (D:7)
  2 howler monkeys
  5 hounds
  A gnoll shaman (D:8)
  3 orc priests
  A bullfrog skeleton (D:3)
  A centaur skeleton (D:6)
  2 iguanas
  9 orc wizards
  A hound skeleton (D:4)
  12 gnolls
  A river rat (D:6)
  8 adders
  A white imp (D:6)
  2 ufetubi
  A worm (D:3)
  4 dart slugs
  14 orcs
  8 endoplasms
  4 giant cockroaches
  7 goblins
  9 hobgoblins
  4 jackals
  3 quokkas
  7 ball pythons
  6 bats
  3 frilled lizards
  10 kobolds
  14 rats
181 creatures vanquished.

Notes
Turn   | Place    | Note
-------+----------+-------------------------------------------
     0 | D:1      | Descartes the Spriggan Warper began the quest for the Orb.
     0 | D:1      | Reached XP level 1. HP: 10/10 MP: 5/5
   352 | D:1      | Reached skill level 1 in Stealth
   369 | D:1      | Reached XP level 2. HP: 2/14 MP: 6/6
  1082 | D:1      | Reached XP level 3. HP: 5/18 MP: 8/8
  2151 | D:2      | Learned a level 2 spell: Blink
  2155 | D:2      | Learned a level 3 spell: Gell's Gravitas
  2259 | D:2      | Reached skill level 2 in Stealth
  2259 | D:2      | Reached skill level 5 in Translocations
  2465 | D:2      | Reached skill level 1 in Hexes
  2619 | D:2      | Reached XP level 4. HP: 22/22 MP: 10/10
  3453 | D:3      | Reached skill level 3 in Stealth
  3453 | D:3      | Reached XP level 5. HP: 21/24 MP: 11/11
  4322 | D:4      | Found a blossoming altar of Fedhas.
  4525 | D:4      | Reached skill level 4 in Stealth
  4525 | D:4      | Reached XP level 6. HP: 28/30 MP: 13/13
  4670 | D:4      | Learned a level 6 spell: Invisibility
  4698 | D:4      | Found a broken altar of Ashenzari.
  5036 | D:5      | Entered Level 5 of the Dungeon
  5070 | D:5      | Reached skill level 1 in Slings
  5070 | D:5      | Reached skill level 5 in Dodging
  5198 | D:5      | Reached XP level 7. HP: 33/33 MP: 14/14
  5741 | D:4      | Reached skill level 5 in Stealth
  7276 | D:5      | Reached skill level 5 in Spellcasting
  7898 | D:5      | Reached skill level 6 in Stealth
  7898 | D:5      | Reached XP level 8. HP: 28/37 MP: 16/16
  8107 | D:6      | Identified 2 scrolls of acquirement
  8110 | D:6      | Acquired a +6 quick blade
  8198 | D:6      | Noticed Sigmund
  8208 | D:6      | Killed Sigmund
  8209 | D:6      | Reached skill level 5 in Short Blades
  8209 | D:6      | Reached skill level 1 in Bows
  8293 | D:6      | Found a runed translucent gate.
  8317 | D:6      | Found Gatumn's Antique Armour Shop.
  8335 | D:6      | Noticed Blork the orc
  8348 | D:6      | Killed Blork the orc
  8389 | D:6      | Found a staircase to the Ecumenical Temple.
  8407 | Temple   | Entered the Ecumenical Temple
  8504 | D:6      | Found a glowing drain.
  8511 | Sewer    | Entered a sewer
  8595 | Sewer    | Reached skill level 1 in Shields
  8595 | Sewer    | Reached skill level 5 in Hexes
  8826 | D:6      | Acquired the ring "Ropyanyu" {rF+ rCorr Str+6 Stlth+}
  8918 | D:6      | Reached skill level 7 in Stealth
  9196 | D:6      | Noticed Duvessa
  9196 | D:6      | Noticed Dowan
  9198 | D:6      | Killed Duvessa
  9200 | D:6      | Killed Dowan
  9201 | D:6      | Noticed Grinder
  9204 | D:6      | Reached XP level 9. HP: 41/41 MP: 17/17
  9215 | D:6      | Killed Grinder
  9315 | D:6      | Found a runed translucent gate.
  9316 | D:6      | Found a runed translucent gate.
  9320 | D:6      | Noticed Descartes's ghost (novice SpWr)
  9389 | D:6      | Noticed a two-headed ogre
  9396 | D:6      | Killed a two-headed ogre
  9397 | D:6      | Reached skill level 5 in Slings
  9397 | D:6      | Reached skill level 8 in Stealth
  9462 | D:6      | Noticed Menkaure
  9469 | D:6      | Killed Menkaure
  9676 | D:7      | Found a hazy altar of Hepliaklqana.
  9808 | D:7      | Found an opulent altar of Gozag.
  9817 | D:7      | Became a worshipper of Gozag Ym Sagoz the Greedy
  9988 | D:7      | Found an ancient bone altar of Kikubaaqudgha.
  9989 | D:7      | Found an ornate altar of the Wu Jian Council.
  9990 | D:7      | Found a radiant altar of Vehumet.
  9990 | D:7      | Found an iron altar of Okawaru.
  9991 | D:7      | Found a white marble altar of Elyvilon.
 10372 | D:7      | Found a shimmering blue altar of Sif Muna.
 10595 | D:7      | Noticed a troll
 10599 | D:7      | Killed a troll
 10600 | D:7      | Reached skill level 9 in Stealth
 10600 | D:7      | Reached XP level 10. HP: 39/46 MP: 18/18
 10645 | D:7      | Found a bloodstained altar of Trog.
 10645 | D:7      | Found a burning altar of Makhleb.
 11044 | D:8      | Reached skill level 5 in Bows
 11202 | D:8      | Reached skill level 1 in Evocations
 11789 | D:9      | Noticed a centaur warrior
 11793 | D:9      | Killed a centaur warrior
 11794 | D:9      | Noticed a wizard
 11795 | D:9      | Noticed a red ugly thing
 11795 | D:9      | Noticed a centaur warrior
 11815 | D:9      | Shot with an arrow by a centaur warrior

Illustrated notes

Levels and vault maps discovered:
D:1:      lightli_iron_boxes, layout_rooms, minmay_heptomino_d4
D:2:      layout_rooms, serial_rivers, chequers_serial_rivers_small_b,
          chequers_serial_rivers_large_a, chequers_serial_rivers_micro_d,
          chequers_serial_rivers_micro_a, chequers_serial_rivers_large_b,
          chequers_serial_rivers_marsh
D:3:      layout_loops_cross, grunt_ministairs_2
D:4:      layout_basic, fedhas_altar_3, nicolae_overflow_crystal_walls
D:5:      layout_loops_corners, minmay_misc_feat_ornament, water_boxes_lemuel
D:6:      layout_basic, minmay_temple_entry_statues_fountains,
          portal_sewer_entry_e, serial_shops, shop, gammafunk_ghost_necromancy,
          minmay_three_doors, uniq_menkaure, uniq_blork_the_orc, uniq_grinder,
          uniq_duvessa, uniq_sigmund
D:7:      layout_loops_ring, grunt_temple_overflow_open,
          kennysheep_orc_sif_temple, gammafunk_temple_overflow_elements,
          mainiacjoe_overflow_catch_the_wave, serial_aquarium,
          aquarium_bridge_straight [aquarium_subvault_bridge,
          aquarium_subvault_wall, aquarium_subvault_bridge,
          aquarium_subvault_wall], aquarium_bridge_square
          [aquarium_subvault_bridge, aquarium_subvault_balcony,
          aquarium_subvault_window, aquarium_subvault_bridge],
          aquarium_window_corner, aquarium_window_corridor_1, aquarium_window_1,
          aquarium_view_2c, aquarium_balcony_double_4
D:8:      layout_cave_pods, skrybe_limestone_x, kennysheep_generic_room_8
D:9:      minmay_curly_fans, layout_stronghold,
          mainiacjoe_overflow_concentric_impassable, david_lair_shrubbed,
          orc_0_dummy
Temple:   jpeg_temple_island

Skill      XL: |  1  2  3  4  5  6  7  8  9 10 |
---------------+-------------------------------+-----
Stealth        | 1 2 3 4 6 7 9 |  9.7
Spellcasting   | 3 4 5 |  5.0
Translocations | 5 |  5.0
Hexes          | 1 2 3 4 5 6 7 |  7.9
Short Blades   | 3 4 5 6 7 |  7.3
Dodging        | 4 5 6 7 8 |  8.9
Slings         | 1 3 4 5 |  5.3
Bows           | 2 4 5 |  5.0
Shields        | 1 2 3 |  3.4
Evocations     | 2 |  2.8
Fighting       | |  1.5
Throwing       | |  1.0

Action                   |  1- 3 |  4- 6 |  7- 9 | 10-12 || total
-------------------------+-------+-------+-------+-------++-------
Melee: Short sword       |   230 |    70 |       |       ||   300
       Dagger            |       |   165 |   151 |       ||   316
       Quick blade       |       |       |   162 |    82 ||   244
 Cast: Gell's Gravitas   |     5 |     4 |    10 |       ||    19
       Blink             |       |       |     1 |       ||     1
Evoke: Wand              |       |       |     1 |       ||     1
  Use: Potion            |       |     1 |       |       ||     1
       Scroll            |       |       |    12 |     1 ||    13
 Stab: Sleeping          |     4 |     9 |     8 |     3 ||    24
       Distracted        |     1 |     2 |     2 |       ||     5
       Paralysed         |       |       |     1 |       ||     1
Armor: Robe              |    27 |    27 |    19 |     5 ||    78
Dodge: Dodged            |   206 |   215 |   196 |    41 ||   658
